 Dungeon Crawl Stone Soup version 0.27-a0-538-g15ff5c5295 (webtiles) character file.

Game seed: 9168094131296861277

44581 HoaS the Martial Artist (level 13, -2/114 HPs)
             Began as a Demigod Gladiator on Mar 6, 2021.
             Slain by a cane toad (3 damage)
             ... on level 6 of the Lair of Beasts.
             The game lasted 00:39:24 (16052 turns).

HoaS the Martial Artist (Demigod Gladiator)        Turns: 16052, Time: 00:39:25

Health: -2/114     AC: 33    Str: 23    XL:     13   Next: 58%
Magic:  16/16      EV: 14    Int: 10    God:
Gold:   2196       SH:  0    Dex: 23    Spells: 12/12 levels left

rFire    + . .     SeeInvis .     - Unarmed
rCold    . . .     Faith    .   (no shield)
rNeg     . . .     Spirit   .   i - +9 plate armour of Old and Reckless {rF+}
rPois    .         Reflect  .   b - +2 helmet
rElec    .         Harm     .   (no cloak)
rCorr    .         Rampage  .   E - +1 pair of gloves
Will     +....                  (no boots)
Stlth    ..........             K - amulet of regeneration
HPRegen  1.29/turn              m - +4 ring of protection
MPRegen  0.15/turn              w - +4 ring of slaying

@: slowed, studying Dodging, very slow
A: high mp 1, forlorn
a: no special abilities


You were on level 6 of the Lair of Beasts.
You visited 2 branches of the dungeon, and saw 16 of its levels.
You also visited: Ossuary.

You collected 2362 gold pieces.
You spent 166 gold pieces at shops.

Inventory:

Missiles
 d - 32 poisoned darts (quivered)
 g - 6 datura-tipped darts
 n - 10 boomerangs
 y - a curare-tipped dart
 H - 4 atropa-tipped darts
Armour
 b - a +2 helmet (worn)
 i - the +9 plate armour of Old and Reckless (worn) {rF+}
   (You found it on level 10 of the Dungeon)

   It protects you from fire.
 E - a +1 pair of gloves (worn)
Jewellery
 f - a ring of willpower
 k - a ring of willpower
 m - a +4 ring of protection (left hand)
 v - a ring of see invisible
 w - a +4 ring of slaying (right hand)
 K - an amulet of regeneration (around neck)
Wands
 o - a wand of mindburst (25)
 p - a wand of paralysis (8)
 B - a wand of polymorph (21)
 C - a wand of flame (19)
 F - a wand of random effects (60)
 G - a wand of iceblast (18)
 I - a wand of acid (20)
Scrolls
 a - 4 scrolls of blinking
 q - 11 scrolls of teleportation
 x - 2 scrolls of magic mapping
 D - a scroll of fog
 L - 5 scrolls of identify
Potions
 e - 6 potions of heal wounds
 h - a potion of flight
 j - 5 potions of mutation
 l - 2 potions of haste
 r - 6 potions of attraction
 t - a potion of cancellation
 u - 8 potions of curing
 z - 4 potions of ambrosia
 A - 2 potions of invisibility
 M - 2 potions of lignification
 N - a potion of resistance
Miscellaneous
 s - a condenser vane
 J - a tin of tremorstones (2/2)
 O - a phantom mirror


   Skills:
 * Level 10.7 Fighting
 - Level 1.7 Throwing
 * Level 10.7 Armour
 + Level 10.7 Dodging
 * Level 13.9 Unarmed Combat


You had 12 spell levels left.
You didn't know any spells.
Your spell library contained the following spells:

 Spells                   Type           Power      Damage    Failure   Level
 Magic Dart               Conj           0%         1d3       99%         1
 Searing Ray              Conj           0%         3d3       100%        2
 Sublimation of Blood     Necr           0%         N/A       100%        2
 Dazzling Flash           Conj/Hex       0%         N/A       100%        3
 Ignite Poison            Fire/Tmut/Pois 0%         N/A       100%        3
 Fulminant Prism          Conj/Hex       0%         3d6       100%        4
 Iskenderun's Mystic Bla  Conj/Tloc      0%         2d3       100%        4
 Petrify                  Tmut/Erth      0%         N/A       100%        4
 Alistair's Intoxication  Tmut/Pois      0%         N/A       100%        5
 Irradiate                Conj/Tmut      0%         3d13      100%        5
 Eringya's Noxious Bog    Tmut/Pois      0%         N/A       100%        6


Dungeon Overview and Level Annotations

Branches:
Dungeon (10/15)            Temple (0/1) D:5            Lair (6/6) D:10
 Shoals (0/4) Lair:4        Snake (0/4) Lair:2        Slime (0/5) Lair:5
    Orc (0/2) D:9         Ossuary (visited)

Shops:
D:4 ?   D:8 *


Innate Abilities, Weirdness & Mutations

Your attributes grow dramatically as you level up.
You have an increased reservoir of magic. (+10% MP)
You shall have no god before yourself.


Message History

You are too injured to fight recklessly!
You are too injured to fight recklessly!
You are too injured to fight recklessly!
You are too injured to fight recklessly!
You are too injured to fight recklessly!
You pummel the wolf spider!!
The wolf spider is heavily wounded.
You feel sick. The redback barely misses you.
The wolf spider closely misses you.
The wolf spider bites you but does no damage.
The redback bites you but does no damage.
The cane toad barely misses you.
Your plate armour of Old and Reckless prevents you from hitting the wolf spider.
The wolf spider is heavily wounded.
You feel sick. The wolf spider hits you. The wolf spider barely misses you.
The redback barely misses you. The cane toad stings you!
The wolf spider hits you.
The wolf spider bites you but does no damage.
The redback completely misses you. The cane toad stings you!
* * * LOW HITPOINT WARNING * * *
You are more poisoned.
The cane toad poisons you!
You pummel the wolf spider!!
The wolf spider is severely wounded.
You feel very sick. The wolf spider hits you!
* * * LOW HITPOINT WARNING * * *
The wolf spider bites you.
* * * LOW HITPOINT WARNING * * *
You are lethally poisoned!
The wolf spider poisons you!
The redback bites you but does no damage.
The cane toad misses you. The wolf spider barely misses you.
The wolf spider closely misses you. The redback misses you.
You feel better. The wolf spider hits you!
* * * LOW HITPOINT WARNING * * *
The wolf spider bites you!
* * * LOW HITPOINT WARNING * * *
The redback completely misses you. The cane toad stings you.
You die...

..##
....P####.....##
....
...............#
....
#####P....PP..#.
##....P.......
.#
#....##.......
.##
##..†.##........
..#
#....##.........
.. ##...##
..P...... ..
#.@s## ..P......
#Fs## ## #.S##
.### #.# P..###
#. .....# ..
...... ...
...... ...
.....####


You could see a wolf spider, a black mamba, a cane toad and a redback.

Vanquished Creatures
  Kirke (Lair:4)
  Harold (D:7)
  A boulder beetle (Lair:5)
  3 hydras
  2 two-headed ogres
  3 anacondas (Lair:4)
  10 death yaks
  A necromancer (Lair:3)
  A guardian serpent (Lair:6)
  6 black mambas
  Joseph (D:8)
  Maggie (D:10)
  A torpor snail (Lair:4)
  11 cane toads
  3 rime drakes (Lair:4)
  10 komodo dragons
  A polar bear (Lair:3)
  A troll (D:9)
  14 blink frogs
  Grinder (D:4)
  5 dream sheep (Lair:4)
  A shadow (D:10)
  7 wyverns
  34 yaks
  4 hogs
  3 basilisks
  Grum (D:8)
  2 wargs (D:9)
  4 nagas
  24 water moccasins
  4 black bears
  3 sky beasts
  4 orc warriors
  An ice beast (D:6)
  2 ogres
  2 necrophages
  4 wolves (D:8)
  2 centaurs (D:9)
  4 phantoms
  A kobold brigand (D:5)
  8 bullfrogs
  22 wights
  5 killer bees (D:10)
  4 howler monkeys
  2 centaur zombies
  3 jellies
  4 orc priests
  3 centaur skeletons
  6 hounds
  2 bullfrog skeletons
  An iguana (D:6)
  3 orc wizards
  2 yak simulacra (Lair:3)
  5 polar bear simulacra (Lair:3)
  9 worker ants
  A wolf simulacrum (Lair:3)
  A hound zombie (D:7)
  3 hound skeletons
  8 mummies (Ossuary)
  A worker ant zombie (D:6)
  2 howler monkey zombies (D:10)
  2 howler monkey skeletons
  7 adders
  7 gnolls
  2 white imps
  4 ufetubi
  3 oozes (D:1)
  An adder skeleton (D:5)
  2 worms
  2 dart slugs
  8 leopard geckos
  39 orcs
  A giant cockroach (D:4)
  8 goblins
  6 hobgoblins
  2 jackals (D:5)
  8 kobolds
  5 quokkas
  A ball python (D:4)
  5 bats
  2 frilled lizards
  A giant cockroach zombie (D:5)
  A hobgoblin zombie (Ossuary)
  A jackal skeleton (D:6)
  3 kobold zombies (Ossuary)
  4 orc zombies (Ossuary)
  7 rats
  3 river rat simulacra (Lair:3)
415 creatures vanquished.

Vanquished Creatures (others)
  A human (Lair:5)
  17 fungi
  10 plants
28 creatures vanquished.

Grand Total: 443 creatures vanquished

Notes
Turn   | Place    | Note
-------+----------+-------------------------------------------
     0 | D:1      | HoaS the Demigod Gladiator began the quest for the Orb.
     0 | D:1      | Reached XP level 1. HP: 17/17 MP: 3/3
    93 | D:1      | Reached skill level 3 in Unarmed Combat
   351 | D:1      | Reached XP level 2. HP: 20/24 MP: 4/4
   954 | D:1      | Reached XP level 3. HP: 28/29 MP: 5/5
  1070 | D:1      | Reached skill level 4 in Unarmed Combat
  2184 | D:3      | Reached XP level 4. HP: 35/36 MP: 6/6
  2757 | D:4      | Noticed a phantom
  2770 | D:4      | Killed a phantom
  2771 | D:4      | Reached skill level 5 in Unarmed Combat
  2771 | D:4      | Reached XP level 5. HP: 41/41 MP: 7/7
  2870 | D:4      | Reached skill level 6 in Unarmed Combat
  3198 | D:4      | Reached skill level 1 in Armour
  3198 | D:4      | Reached XP level 6. HP: 21/50 MP: 8/8
  3377 | D:4      | Noticed Grinder
  3390 | D:4      | Killed Grinder
  3587 | D:4      | Reached XP level 7. HP: 36/57 MP: 9/9
  3816 | D:4      | Found Fuuskiede's Magic Scroll Emporium.
  3882 | D:5      | Entered Level 5 of the Dungeon
  4193 | D:5      | Identified a scroll of acquirement
  4193 | D:5      | Acquired 1093 gold pieces
  4383 | D:5      | Found a staircase to the Ecumenical Temple.
  4419 | D:5      | Reached skill level 7 in Unarmed Combat
  4419 | D:5      | Reached XP level 8. HP: 60/66 MP: 10/10
  5027 | D:6      | Found a sand-covered staircase.
  5033 | Ossuary  | Entered an ossuary
  5999 | D:6      | Reached skill level 8 in Unarmed Combat
  6708 | D:7      | Reached skill level 5 in Fighting
  6730 | D:7      | Reached XP level 9. HP: 68/74 MP: 11/11
  6758 | D:7      | Noticed Harold
  6774 | D:7      | Killed Harold
  6775 | D:7      | Reached skill level 5 in Armour
  6775 | D:7      | Reached skill level 5 in Dodging
  6787 | D:7      | Reached skill level 9 in Unarmed Combat
  7561 | D:8      | Noticed Grum
  7604 | D:8      | Killed Grum
  7897 | D:8      | Noticed Joseph
  7908 | D:8      | Killed Joseph
  7909 | D:8      | Reached XP level 10. HP: 79/83 MP: 13/13
  7949 | D:8      | Found Odeditt's Assorted Antiques.
  7961 | D:8      | Bought a pair of gloves for 166 gold pieces
  8083 | D:8      | Noticed a two-headed ogre
  8112 | D:8      | Killed a two-headed ogre
  8113 | D:8      | Reached skill level 10 in Unarmed Combat
  8757 | D:9      | Noticed a two-headed ogre
  8767 | D:9      | Killed a two-headed ogre
  8792 | D:9      | Found a staircase to the Orcish Mines.
  9211 | D:9      | Noticed an eight-headed hydra
  9225 | D:9      | Killed an eight-headed hydra
  9388 | D:10     | Entered Level 10 of the Dungeon
  9425 | D:10     | Identified the +9 plate armour of Old and Reckless {rF+}
  9573 | D:10     | Reached XP level 11. HP: 87/92 MP: 14/14
  9577 | D:10     | Reached skill level 11 in Unarmed Combat
  9641 | D:10     | Found a staircase to the Lair.
  9891 | D:10     | Noticed Maggie
  9913 | D:10     | Killed Maggie
 10159 | Lair:1   | Entered Level 1 of the Lair of Beasts
 10767 | Lair:1   | Noticed a seven-headed hydra
 10782 | Lair:1   | Killed a seven-headed hydra
 11366 | Lair:2   | Found a staircase to the Snake Pit.
 11437 | Lair:1   | Reached skill level 12 in Unarmed Combat
 12163 | Lair:3   | Noticed a death yak
 12192 | Lair:2   | Killed a death yak
 12201 | Lair:3   | Noticed a death yak
 12201 | Lair:3   | Noticed a death yak
 12204 | Lair:3   | Noticed a death yak
 12217 | Lair:2   | Killed a death yak
 12247 | Lair:2   | Killed a death yak
 12248 | Lair:2   | Reached XP level 12. HP: 91/103 MP: 15/15
 12886 | Lair:3   | Acquired a manual of Dodging
 13420 | Lair:4   | Found a staircase to the Shoals.
 13477 | Lair:4   | Noticed an anaconda
 13484 | Lair:4   | Killed an anaconda
 13489 | Lair:4   | Reached skill level 13 in Unarmed Combat
 13585 | Lair:4   | Noticed an anaconda
 13593 | Lair:4   | Killed an anaconda
 14002 | Lair:4   | Noticed an anaconda
 14023 | Lair:4   | Killed an anaconda
 14572 | Lair:5   | Noticed Kirke
 14597 | Lair:4   | Killed Kirke
 14598 | Lair:4   | Reached XP level 13. HP: 84/113 MP: 16/16
 14676 | Lair:4   | Reached skill level 10 in Fighting
 14676 | Lair:4   | Reached skill level 10 in Armour
 14719 | Lair:5   | Reached skill level 10 in Dodging
 15272 | Lair:5   | Found a staircase to the Slime Pits.
 15571 | Lair:6   | Entered Level 6 of the Lair of Beasts
 16052 | Lair:6   | HP: 1/114 [wolf spider (10)]
 16052 | Lair:6   | Slain by a cane toad

Illustrated notes

Levels and vault maps discovered:
D:1:      amcnicky_arrival_blooded_trapdoor, layout_loops_corners
D:2:      layout_rooms
D:3:      layout_loops_ring
D:4:      layout_rooms, serial_shops, nicolae_shop_trees, grunt_ministairs_5,
          uniq_grinder
D:5:      layout_loops_ring, kennysheep_mini_moat, kennysheep_little_box,
          minmay_temple_entry_statues_pillars
D:6:      layout_cave_pools, general_overflow_altar, nicolae_ossuary_entry_plus
D:7:      layout_basic, nicolae_dithmenos_through_a_glass_darkly,
          kennysheep_mini, skrybe_limestone_x, uniq_harold
D:8:      layout_loops_cross, serial_shops, shop, uniq_joseph, uniq_grum
D:9:      layout_long_grid, david_orc_1_choice
D:10:     layout_roguey, lair_entry_dummy, uniq_maggie
Lair:1:   layout_roguey
Lair:2:   layout_regular_city, minmay_snake_entry_guardpost_small
Lair:3:   layout_cave_pods, eino_house_with_fridge, grunt_megastairs_3
Lair:4:   beast_lair_carwin_large_4, layout_cave_pods, elwin_shoals_entry_rocks,
          columned_hall_lemuel, infiniplex_staircase_pool_2, uniq_rupert
Lair:5:   layout_gridlike, dpeg_slime_entry_corner, uniq_kirke
Lair:6:   hangedman_lair_tendril_chambers, layout_cave_pods,
          serial_bayou_shore_a

Skill      XL: |  1  2  3  4  5  6  7  8  9 10 11 12 13 |
---------------+----------------------------------------+-----
Unarmed Combat | 3 4 5 6 7 8 9 10 12 13 | 13.9
Fighting       | 2 3 5 6 7 8 9 10 | 10.7
Armour         | 1 3 4 6 7 8 9 10 | 10.7
Dodging        | 3 4 6 7 8 9 10 | 10.7
Throwing       | |  1.7

Action                   |  1- 3 |  4- 6 |  7- 9 | 10-12 | 13-15 || total
-------------------------+-------+-------+-------+-------+-------++-------
Melee: Unarmed           |   169 |   165 |   538 |   716 |   266 ||  1854
       Punch             |     3 |     3 |    29 |    64 |    36 ||   135
Throw: Throwing net      |       |       |     5 |     6 |       ||    11
       Dart              |       |       |       |     5 |       ||     5
Evoke: Wand              |       |     1 |     3 |     1 |       ||     5
  Use: Scroll            |     5 |     4 |     9 |    14 |     2 ||    34
       Potion            |       |       |     1 |     2 |     1 ||     4
 Stab: Sleeping          |     2 |       |       |       |       ||     2
       Paralysed         |       |     7 |     5 |       |       ||    12
       Held in net/web   |       |       |     3 |     4 |       ||     7
Armor: Leather armour    |     7 |       |       |       |       ||     7
       Scale mail        |    55 |       |       |       |       ||    55
       Chain mail        |       |    80 |   220 |    35 |       ||   335
       Plate armour      |       |       |       |   321 |   178 ||   499
Dodge: Dodged            |    59 |    46 |   200 |   278 |   208 ||   791

Table legend: (Time is in decaauts)
 A = Elapsed time spent in this place.
 B = Non-inter-level travel time spent in this place.
 C = Inter-level travel time spent in this place.
 D = Time resting spent in this place.
 E = Time spent auto-exploring this place.
 F = Levels seen in this place.
 G = Mean time per level.
                   A        B        C        D        E       F      G
               +--------+--------+--------+--------+--------+-----+--------+
         Total |  15757 |  15230 |    527 |   3001 |   8889 |  17 |  926.9 |
       Dungeon |   9512 |   9204 |    308 |   2127 |   5067 |  10 |  951.2 |
          Lair |   5756 |   5538 |    218 |    638 |   3709 |   6 |  959.3 |
       Ossuary |    489 |    489 |      0 |    236 |    113 |   1 |  489.0 |
               +--------+--------+--------+--------+--------+-----+--------+

Top non-repeatable levels by time:
     D:1: 1600 daAuts
  Lair:4: 1403 daAuts
     D:5: 1178 daAuts
     D:4: 1130 daAuts
  Lair:1: 1110 daAuts
  Lair:3: 1030 daAuts
  Lair:5: 960 daAuts
     D:6: 953 daAuts
     D:9: 949 daAuts
     D:8: 932 daAuts
     D:7: 903 daAuts
  Lair:2: 859 daAuts
    D:10: 745 daAuts
     D:3: 584 daAuts
     D:2: 532 daAuts
